 Dungeon Crawl Stone Soup version 0.31.0-12-g77e489cdc1 (webtiles) character file.

Game seed: 3403757701108250405

2903582 RepoMan the Eviscerator (level 26, 355/355 HPs)
             Began as a Felid Shapeshifter on Feb 27, 2024.
             Was the Champion of Wu Jian.
             Escaped with the Orb
             ... and 4 runes
             ... and 1 gem (intact) on Mar 1, 2024!
             The game lasted 06:42:17 (52475 turns).

RepoMan the Eviscerator (Felid Shapeshifter)       Turns: 52475, Time: 06:42:18

Health: 355/355    AC: 16    Str: 27    XL:     26   Next: 92%
Magic:  31/33      EV: 36    Int: 12    God:    Wu Jian [******]
Gold:   3040       SH:  0    Dex: 37    Spells: 2/38 levels left
                                        Lives:  2   Deaths: 2

rFire   + +          .
                       - Unarmed
rCold   . . .        (shield unavailable)
rNeg    . . .        (body armour unavailable)
rPois   +            (helmet unavailable)
rElec   +            (cloak unavailable)
rCorr   .            (gloves unavailable)
SInv    +            (boots unavailable)
Will    +++++        l - amulet of Apinaech {Spirit ^Contam Will+ Regen+ Int+2} Stlth
                     p - ring "Suzem" {rElec Will+ Str+2 Dex+2 Slay+2}
HPRegen 1.59/turn    K - ring "Uqesuw" {rC+ Will+ Str+6}
MPRegen 0.23/turn

%: guardian spirit
@: berserking, short of breath, dragon-form, flying, hasted, very quick
A: dragon claw, dragon scales, breathe fire, flying, boosted hp, giant, (claws
1), (fangs 3), see invisible, (shaggy fur 3), (stealthy paws), no weapons or
thrown items, no armour, multi-lived, (iridescent scales 1), agile 1, MP-powered
wands
0: Orb of Zot
}: 4/15 runes: barnacled, slimy, silver, gossamer
a: Breathe Fire, Begin Untransformation, Renounce Religion, Wall Jump, Serpent's
Lash, Heavenly Storm


You escaped.
You worshipped Wu Jian.
Wu Jian was exalted by your worship.
You were a fearsome dragon!
You visited 12 branches of the dungeon, and saw 56 of its levels.
You also visited: Sewer, Ice Cave, Wizlab and Desolation.

You collected 8601 gold pieces.
You spent 5561 gold pieces at shops.

Inventory:

Jewellery
 a - a ring of flight
 l - the amulet of Apinaech (around neck) {Spirit ^Contam Will+ Regen+ Int+2}
   (You found it in the Desolation of Salt)

   [amulet of guardian spirit]

   Spirit:    It causes incoming damage to be divided between your reserves of
   health and magic.
   Int+2:     It affects your intelligence (+2).
   Will+:     It increases your willpower.
   ^Contam:   It causes magical contamination when unequipped.
   Regen+:    It increases your rate of health regeneration.
 p - the ring "Suzem" (left foreclaw) {rElec Will+ Str+2 Dex+2 Slay+2}
   (You found it in the Desolation of Salt)

   [ring of willpower]

   Str+2:     It affects your strength (+2).
   Dex+2:     It affects your dexterity (+2).
   Slay+2:    It affects your accuracy & damage with ranged weapons and melee
   (+2).
   rElec:     It insulates you from electricity.
   Will+:     It increases your willpower.
 s - a ring of resist corrosion
 A - the amulet of the Air {Inacc Air Fly rElec RMsl}
   (You found it on level 5 of the Vaults)

   [amulet of nothing]

   Inacc:     It reduces the accuracy of your attacks and spells.
   Air:       It enhances your air magic.
   rElec:     It insulates you from electricity.
   Fly:       It grants you flight.
   RMsl:      It protects you from missiles.
 K - the ring "Uqesuw" (right foreclaw) {rC+ Will+ Str+6}
   (You found it on level 3 of the Elven Halls)

   [ring of strength]

   Str+6:     It affects your strength (+6).
   rC+:       It protects you from cold.
   Will+:     It increases your willpower.
 L - the ring of the Mage {Wiz Archmagi}
   (You took it off a deep elf master archer on level 3 of the Elven Halls)

   [ring of wizardry]

   Wiz:       It improves your spell success rate.
   Archmagi:  It increases the power of your magical spells.
 S - the necklace of Bloodlust {Fury *Rage Will++ Int-3 Slay+6}
   (You found it on level 4 of the Shoals)

   [amulet of nothing]

   Fury:      It extends the wearer's berserk rage when killing foes.
   Int-3:     It affects your intelligence (-3).
   Slay+6:    It affects your accuracy & damage with ranged weapons and melee
   (+6).
   Will++:    It greatly increases your willpower.
   *Rage:     It berserks you when you make melee attacks (+50% chance).
 V - the ring "Niubed" {rF+ rN+ Str+5}
   (You found it on level 3 of the Crypt)

   [ring of positive energy]

   Str+5:     It affects your strength (+5).
   rF+:       It protects you from fire.
   rN+:       It protects you from negative energy.
 Y - the ring of Cedugige {rF+ Str+2 Int+6}
   (You acquired it on level 5 of the Realm of Zot)

   [ring of protection from fire]

   Str+2:     It affects your strength (+2).
   Int+6:     It affects your intelligence (+6).
   rF+:       It protects you from fire.
Talismans
 o - the serpent talisman of Skepticism {Fly rElec rN+ Int-5}
   (You took it off Aizul on level 1 of the Spider Nest)

   [serpent talisman]

   Int-5:     It affects your intelligence (-5).
   rElec:     It insulates you from electricity.
   rN+:       It protects you from negative energy.
   Fly:       It grants you flight.
 t - the dragon-blood talisman of Honesty (active) {Int-5 Dex+5 Slay+5}
   (You found it on level 3 of the Elven Halls)

   [dragon-blood talisman]

   Int-5:     It affects your intelligence (-5).
   Dex+5:     It affects your dexterity (+5).
   Slay+5:    It affects your accuracy & damage with ranged weapons and melee
   (+5).
 G - a granite talisman
Wands
 d - a wand of mindburst (24)
 m - a wand of paralysis (46)
 n - a wand of digging (8)
 u - a wand of flame (100)
 E - a wand of roots (43)
 I - a wand of quicksilver (38)
Scrolls
 i - 2 scrolls of amnesia
 w - 17 scrolls of immolation
 x - 22 scrolls of teleportation
 y - 7 scrolls of noise
 B - 2 scrolls of silence
 H - 4 scrolls of fear
 N - 3 scrolls of poison
 P - 3 scrolls of torment
 R - 6 scrolls of vulnerability
Potions
 b - 4 potions of might
 f - 4 potions of magic
 g - 3 potions of berserk rage
 h - 7 potions of attraction
 j - 11 potions of enlightenment
 k - a potion of mutation
 q - 21 potions of curing
 v - a potion of resistance
 J - 7 potions of cancellation
 M - 3 potions of heal wounds
 O - 9 potions of brilliance
 Q - 8 potions of lignification
 U - 2 potions of invisibility
 W - a potion of haste
 X - 13 potions of ambrosia
Miscellaneous
 e - a phantom mirror
 z - a lightning rod (4/4)
 C - a sack of spiders
 F - a condenser vane
 T - a phial of floods


   Skills:
 + Level 22.7 Fighting
 - Level 23.3 Dodging
 - Level 11.1 Stealth
 - Level 25.5 Unarmed Combat
 - Level 6.6 Spellcasting
 - Level 1.1 Conjurations
 - Level 9.9 Hexes
 - Level 11.1 Translocations
 - Level 1.1 Fire Magic
 - Level 13.3 Ice Magic
 - Level 3.3 Air Magic
 - Level 13.3 Alchemy
 - Level 5.5 Evocations
 * Level 23.3 Shapeshifting


You had 2 spell levels left.
You knew the following spells:

 Your Spells              Type           Power      Damage    Failure   Level
a - Manifold Assault      Tloc           30%        N/A       1%          4
b - Blink                 Tloc           60%        N/A       1%          2
c - Ozocubu's Armour      Ice            35%        N/A       1%          3
g - Apportation           Tloc           60%        N/A       1%          1
i - Ignite Poison         Fire/Alch      21%        N/A       9%          4
l - Lesser Beckoning      Tloc           60%        N/A       1%          2
m - Mephitic Cloud        Conj/Alch/Air  18%        N/A       4%          3
o - Olgreb's Toxic Radia  Alch           35%        N/A       1%          4
p - Passage of Golubria   Tloc           30%        N/A       1%          4
s - Sculpt Simulacrum     Ice/Alch       17%        N/A       11%         6
t - Confusing Touch       Hex            27%        N/A       1%          3

Your spell library contained the following spells:

 Spells                   Type           Power      Damage    Failure   Level
 Slow                     Hex            100%       N/A       1%          1
 Ensorcelled Hibernation  Hex/Ice        62%        N/A       1%          2
 Mercury Vapours          Alch/Air       46%        N/A       1%          2
 Momentum Strike          Conj/Tloc      36%        3d9       1%          2
 Cigotuvi's Dreadful Rot  Necr/Alch/Air  34%        N/A       2%          2
 Shock                    Conj/Air       36%        1d5       7%          1
 Foxfire                  Conj/Fire      24%        2x1d5     11%         1
 Magic Dart               Conj           24%        1d4       11%         1
 Static Discharge         Conj/Air       18%        3-4/arc   11%         2
 Kiss of Death            Conj/Necr      20%        2d7       14%         1
 Scorch                   Fire           12%        2d5       16%         2
 Searing Ray              Conj           12%        2d4       16%         2
 Summon Small Mammal      Summ           12%        N/A       17%         1
 Call Imp                 Summ           6%         N/A       26%         2
 Sublimation of Blood     Necr           3%         N/A       26%         2
 Gell's Gravitas          Tloc           30%        N/A       1%          3
 Sigil of Binding         Hex            27%        N/A       1%          3
 Teleport Other           Tloc           30%        N/A       1%          3
 Tukima's Dance           Hex            27%        N/A       1%          3
 Hailstorm                Conj/Ice       21%        3d7       2%          3
 Summon Ice Beast         Ice/Summ       19%        N/A       3%          3
 Cause Fear               Hex            13%        N/A       3%          4
 Volatile Blastmotes      Fire/Tloc      36%        2d13      4%          3
 Metabolic Englaciation   Hex/Ice        15%        N/A       4%          5
 Dazzling Flash           Conj/Hex       34%        N/A       5%          3
 Inner Flame              Hex/Fire       17%        N/A       5%          3
 Fulminant Prism          Conj/Alch      10%        3d9       9%          4
 Sticky Flame             Fire/Alch      21%        2d6       9%          4
 Leda's Liquefaction      Alch/Erth      9%         N/A       11%         4
 Petrify                  Alch/Erth      19%        N/A       11%         4
 Swiftness                Air            11%        N/A       13%         3
 Iskenderun's Mystic Bla  Conj/Tloc      18%        2d6       14%         4
 Anguish                  Hex/Necr       7%         N/A       22%         4
 Irradiate                Conj/Alch      10%        3d15      24%         5
 Dispersal                Tloc           15%        N/A       26%         6
 Silence                  Hex/Air        9%         N/A       30%         5
 Stone Arrow              Conj/Erth      10%        3d7       38%         3
 Freezing Cloud           Conj/Ice/Air   9%         6-21      38%         5
 Airstrike                Air            5%         2d(1-17)  41%         4
 Summon Forest            Summ/Tloc      8%         N/A       43%         5
 Call Canine Familiar     Summ           3%         N/A       45%         3
 Fugue of the Fallen      Necr           3%         N/A       45%         3
 Vampiric Draining        Necr           3%         2d6       45%         3
 Summon Mana Viper        Hex/Summ       15%        N/A       52%         5
 Ozocubu's Refrigeration  Ice            17%        4d11      52%         7
 Summon Lightning Spire   Summ/Air       7%         N/A       65%         4
 Flame Wave               Conj/Fire      6%         2d5       71%         4
 Brom's Barrelling Bould  Conj/Erth      5%         2d3       80%         4
 Summon Blazeheart Golem  Fire/Summ      5%         N/A       80%         4
 Animate Dead             Necr           3%         N/A       86%         4
 Dispel Undead            Necr           3%         3d7       86%         4
 Martyr's Knell           Necr/Summ      3%         N/A       86%         4
 Arcjolt                  Conj/Air       4%         1d14      88%         5
 Fireball                 Conj/Fire      3%         3d4       96%         5
 Iskenderun's Battlesphe  Conj           6%         2d6       96%         5
 Borgnjor's Vile Clutch   Necr/Erth      1%         N/A       99%         5
 Curse of Agony           Necr           3%         N/A       99%         5
 Lee's Rapid Deconstruct  Erth           1%         3d4*      99%         5
 Bombard                  Conj/Erth      2%         9d1       100%        6
 Conjure Ball Lightning   Conj/Air       4%         3x3d6     100%        6
 Death Channel            Necr           1%         N/A       100%        6
 Plasma Beam              Fire/Air       4%         2x1d14    100%        6
 Starburst                Conj/Fire      3%         6d3       100%        6
 Haunt                    Necr/Summ      1%         N/A       100%        7
 Malign Gateway           Summ/Tloc      8%         N/A       100%        7
 Orb of Destruction       Conj           3%         9d5       100%        7
 Spellforged Servitor     Conj/Summ      2%         N/A       100%        7
 Summon Hydra             Summ           1%         N/A       100%        7
 Discord                  Hex            13%        N/A       100%        8
 Disjunction              Tloc           15%        N/A       100%        8
 Ignition                 Fire           3%         3d4       100%        8
 Lehudib's Crystal Spear  Conj/Erth      2%         10d2      100%        8
 Maxwell's Capacitive Co  Air            5%         ∞         100%        8
 Dragon's Call            Summ           1%         N/A       100%        9
 Polar Vortex             Ice            17%        12d2*     100%        9
 Dimensional Bullseye     Hex/Tloc       Unusable   N/A       N/A         4
 Animate Armour           Summ/Erth      Unusable   N/A       N/A         4

Dungeon Overview and Level Annotations

Branches:
Dungeon (15/15)            Temple (1/1) D:7            Lair (5/5) D:10
 Shoals (4/4) Lair:3       Spider (4/4) Lair:3        Slime (5/5) Lair:5
    Orc (2/2) D:12            Elf (3/3) Orc:2        Vaults (5/5) D:14
  Crypt (3/3) Vaults:3     Depths (4/4) D:15            Zot (5/5) Depths:4
  Sewer (visited)           IceCv (visited)          WizLab (visited)
Desolation (visited)
   Tomb: Crypt:3

Altars:
Ashenzari
Cheibriados
Dithmenos
Elyvilon
Fedhas
Gozag
Hepliaklqana
Kikubaaqudgha
Makhleb
Nemelex Xobeh
Okawaru
Qazlal
Ru
Sif Muna
Trog
Uskayaw
Vehumet
Wu Jian
Xom
Yredelemnul
Zin
The Shining One
Jiyva
Lugonu

Shops:
D:1 =   D:15 :   Orc:2 =[*(   Elf:2 ****   Elf:3 !   Shoals:4 *   Vaults:4 :
Depths:3 *

Portals:
Hell: Depths:1 Depths:2 Depths:3 Depths:4
Abyss: Depths:1 Depths:3 Depths:4
Pandemonium: Depths:2
Ziggurat: Depths:4
Trove: D:11 (give 14 potions of heal wounds)

Annotations:
D:14 1 runed translucent door
Lair:1 3 runed translucent doors, GeoRichter's ghost, journeyman DrSh
Spider:2 2 transporters, exclusion: orange crystal statue, Arachne; Qyadack's ghost, adept HOFi
Crypt:2 exclusion: upstairs
Zot:2 2 transporters, Toelubet's ghost, veteran CeHu


Innate Abilities, Weirdness & Mutations

You are a fearsome dragon!
You have a powerful clawing attack.
Your giant scaled body is strong and resilient, but less evasive.
You can breathe fire.
You are flying.
Your maximum health is greatly increased.
((You have sharp claws.))
((You have razor-sharp teeth.))
You have supernaturally acute eyesight. (SInv)
((Your thick and shaggy fur keeps you warm. (AC +3, rC+)))
((Your paws help you pounce on unaware monsters.))
You are incapable of wielding weapons or throwing items.
You cannot wear armour.
You gain extra lives every three experience levels.
((You are partially covered in iridescent scales. (AC +2)))
You are agile. (Dex +4, Str/Int -1)
You expend magic power (3 MP) to strengthen your wands.


Message History

You fly upwards.
There is a stone staircase leading down here.
There is an open door here.
A blizzard demon comes into view.
The blizzard demon moves out of view.
There is a stone staircase leading up here.
You fly upwards.
There is a stone staircase leading down here.
What level of the Dungeon? (default 1, ? - help)
There is a stone staircase leading up here.
You fly upwards.
There is a stone staircase leading down here.
A sun demon comes into view.
You lunge at the sun demon, in a flurry of attacks.
You hit the sun demon. You bite the sun demon!
The sun demon is moderately wounded.
You maul the sun demon!!!
You kill the sun demon!
The Council accepts your kill.
You feel yourself speed up.
Aiming: Dig
Press: ? - help, Shift-Dir - straight line A rock wall.
This square is covered in magical glow.
Okay, then.
Aiming: Dig
Press: ? - help, Shift-Dir - straight line You can't see that place. [the floor.]
You feel a surge of power!
The rock shatters into small pieces.
Blink to where?
Press: ? - help, Dir - move target
As you read the scroll of blinking, it crumbles to dust.
Aiming: Breathe Fire (0% risk of failure)
Press: ? - help, Shift-Dir - straight line You breathe a blast of fire.
A red film seems to cover your vision as you go berserk!
You feel yourself moving faster!
You feel mighty!
You feel a strong urge to attack something.
You have escaped!

.#......#
#....................##
........#
#....................+.
........#
#.......########.....##
........# #.......# #.......
....##'## #.......# #.....##
....##.# #########
###....... ....##.# ###
##.#....... ######.###.##
### ##..#....... #.#....#
#D## #..##....... #.#.#..##
#..####..##....... #.#..##.#
##........#....... #.#.....#
###..##..########
#.#.#.#.### #.§##..#
#.#####...####..#..##
#...####..##.#..§.##########
###....##....##.####........
####..##.#.#..## #........


There were no monsters in sight!

Vanquished Creatures
  the Royal Jelly (Slime:5)
  A seraph (Depths:1)
  3 dread liches
  3 ancient liches
  6 orbs of fire
  Mennas (Vaults:4)
  Josephina (Crypt:1)
  5 Killer Klowns (Zot:5)
  2 caustic shrikes
  11 curse toes
  11 golden dragons
  the Enchantress (Depths:2)
  A Brimstone Fiend (Zot:1)
  2 electric golems (Zot:5)
  Jorgrun (Elf:1)
  A Tzitzimitl (Depths:1)
  A Cloud Mage (WizLab)
  17 tentacled monstrosities
  26 Orb Guardians
  6 deep elf blademasters
  Zenata (Vaults:2)
  Asterion (Elf:1)
  6 titans (Vaults:5)
  5 liches
  12 acid blobs
  A kraken (Shoals:4)
  2 deep elf master archers (Elf:3)
  5 sphinxes
  An Executioner (D:13)
  10 death cobs
  3 quicksilver dragons
  7 ancient champions
  8 storm dragons
  4 tengu reavers (Vaults:5)
  Donald (Elf:1)
  Ilsuiw (Shoals:4)
  14 rockslimes
  2 protean progenitors
  8 fire giants
  19 shadow dragons
  A revenant (Crypt:1)
  Roxanne (Elf:1)
  A daeva (Depths:1)
  12 frost giants
  9 azure jellies
  7 emperor scorpions
  5 draconian knights
  2 draconian scorchers (Zot:1)
  5 draconian monks
  7 deep elf sorcerers (Elf:3)
  An iron dragon (Vaults:5)
  2 deep elf elementalists (Elf:3)
  4 draconian shifters
  2 imperial myrmidons (Desolation)
  11 vault wardens
  5 draconian stormcallers
  3 curse skulls
  17 ghost moths
  2 draconian annihilators
  5 orc warlords
  7 spriggan defenders
  A reaper (Crypt:1)
  2 ghouls
  11 ironbound preservers
  6 caustic shrike skeletons (Depths:2)
  8 quicksilver oozes (Slime:5)
  13 stone giants
  A broodmother (Spider:1)
  9 deep elf death magi
  5 ironbound thunderhulks
  6 formless jellyfish
  5 deep elf demonologists
  A juggernaut skeleton (Crypt:3)
  16 very ugly things
  4 vampire knights
  A dire elephant (Depths:2)
  A bunyip (Zot:5)
  9 green draconians
  8 black draconians
  5 deep elf annihilators
  2 lorocyprocas
  7 spark wasps
  4 war gargoyles
  A halazid warlock (Desolation)
  8 red draconians
  18 purple draconians
  5 blizzard demons
  7 white draconians
  3 crystal guardians (Desolation)
  6 eidola
  5 yellow draconians
  10 ettins
  5 jiangshi
  5 merfolk javelineers (Shoals:4)
  5 deep elf high priests
  7 merfolk impalers
  10 yaktaur captains
  A spriggan zombie (Depths:3)
  6 rakshasas
  6 ragged hierophants (Desolation)
  6 fire dragons
  8 great orbs of eyes
  A fenstrider witch zombie (Crypt:1)
  4 entropy weavers
  8 servants of whispers (Desolation)
  39 vault guards
  3 hydras (Lair:4)
  9 spriggan air magi
  2 ogre magi
  2 caustic shrike simulacra
  10 peacekeepers
  5 ironbound frosthearts
  An alligator snapping turtle (Shoals:4)
  A ghost crab (WizLab)
  2 spriggan skeletons
  2 radroaches
  3 ice dragons
  9 boulder beetles
  2 jorogumos
  2 juggernaut simulacra (Depths:3)
  4 merfolk avatars
  A sphinx zombie (D:15)
  19 centaur warriors
  2 death knights
  A catoblepas (Lair:3)
  6 merfolk aquamancers
  2 satyrs
  2 deep troll shamans
  28 dancing weapons
  19 death yaks
  A two-headed ogre (shapeshifter) (Vaults:5)
  3 hell hogs (D:4)
  8 tengu warriors
  3 deep troll earth magi
  A titan zombie (Depths:3)
  5 orc high priests
  4 demonic crawlers
  10 two-headed ogres
  4 occultists
  7 hell knights (Vaults:5)
  2 shock serpents (WizLab)
  8 spriggan berserkers
  3 vampire magi
  3 soul eaters
  Nergalle (Lair:3)
  Sonja (Lair:1)
  16 deep elf knights
  A sun demon (D:1)
  17 skeletal warriors
  A goliath frog (Lair:4)
  2 iron trolls
  6 pharaoh ants
  A shadow wraith (Crypt:1)
  2 titan skeletons
  23 deep trolls
  12 arcanists
  A storm dragon skeleton (Depths:3)
  16 sea snakes
  7 spriggan druids (Depths:2)
  2 death drakes (WizLab)
  A golden dragon zombie (Depths:3)
  10 orb spiders
  2 glowing orange brains
  A cherub (Depths:1)
  An orange crystal statue (D:12)
  3 swamp dragons
  4 flayed ghosts
  A sun moth (shapeshifter) (Vaults:5)
  14 ironbound convokers
  A steelbarb worm (shapeshifter) (Vaults:5)
  3 sun moths
  13 deep elf archers
  9 harpies
  7 steelbarb worms
  10 lindwurms
  5 phantasmal warriors
  35 deep elf pyromancers
  8 necromancers
  8 orc knights
  An iron dragon zombie (Crypt:1)
  An oklob plant (D:10)
  29 deep elf zephyrmancers
  6 orc sorcerers
  39 ugly things
  2 shining eyes
  3 fauns (Shoals:2)
  27 wolf spiders
  25 moths of wrath
  6 cyclopes
  17 manticores
  7 meliai
  Maurice (D:11)
  16 elephants
  9 merfolk sirens
  3 guardian serpents
  10 black mambas
  13 apocalypse crabs
  A titan simulacrum (Crypt:1)
  An eleionoma skeleton (Crypt:3)
  4 kobold blastminers (Orc:2)
  A fire giant skeleton (Depths:3)
  A dire elephant zombie (Crypt:1)
  3 ice statues
  10 vault sentinels
  2 water nymphs
  10 eyes of devastation
  5 torpor snails
  17 cane toads
  2 gargoyles
  A centaur skeleton (D:15)
  An orange demon (Zot:4)
  A red draconian zombie (Crypt:2)
  4 unseen horrors
  7 komodo dragons
  5 freezing wraiths
  9 rime drakes
  An efreet (D:14)
  Psyche (D:11)
  31 yaktaurs
  3 tengu conjurers
  3 polar bears
  A queen bee (Spider:3)
  24 merfolk
  4 trolls
  A catoblepas skeleton (Crypt:2)
  16 hornets
  8 blink frogs (Lair:5)
  21 tarantellas
  8 wind drakes
  A wolf spider simulacrum (D:15)
  64 saltlings (Desolation)
  A jumping spider zombie (Crypt:1)
  A tyrant leech (Lair:4)
  16 dream sheep
  10 snapping turtles
  5 glass eyes
  27 jumping spiders
  A fire dragon zombie (Crypt:2)
  2 vampires
  13 air elementals
  20 culicivoras
  86 slime creatures
  38 spriggans
  2 centaur simulacra (D:15)
  21 yaks
  16 water elementals
  8 wraiths
  15 wyverns
  A wyvern (shapeshifter) (Elf:3)
  15 humans (D:14)
  A catoblepas simulacrum (Crypt:1)
  5 basilisks
  A redback (shapeshifter) (Depths:3)
  3 fire elementals
  5 steam dragons
  5 wargs (Orc:2)
  21 vampire mosquitoes
  Menkaure (D:7)
  64 redbacks
  A harpy simulacrum (Crypt:1)
  3 acid dragons
  A fire bat zombie (Crypt:2)
  A swamp worm (shapeshifter) (Vaults:5)
  26 water moccasins
  5 swamp worms (Lair:4)
  49 orc warriors
  3 swamp drakes
  A cane toad skeleton (Crypt:2)
  A sky beast (D:6)
  A black bear (D:7)
  10 ice beasts
  A manticore zombie (Crypt:3)
  9 laughing skulls (Crypt:2)
  An ettin simulacrum (Crypt:1)
  10 ogres
  6 wolves (Lair:2)
  20 centaurs
  3 kobold brigands
  10 bullfrogs
  A salamander zombie (Crypt:3)
  A cane toad simulacrum (IceCv)
  4 earth elementals
  5 scorpions
  7 wights
  An elephant simulacrum (IceCv)
  17 killer bees
  A vampire bat (Lair:4)
  5 electric eels
  5 howler monkeys
  2 bombardier beetles
  2 centaur zombies
  7 hounds
  A jelly (D:6)
  22 orc priests
  A gnoll bouda (D:6)
  5 iguanas
  19 orc wizards
  4 hell rats
  2 polar bear simulacra (IceCv)
  Terence (D:2)
  A boggart skeleton (Crypt:1)
  15 adders
  A gnoll (shapeshifter) (D:14)
  8 gnolls
  7 white imps
  2 ufetubi (D:6)
  2 ribbon worms
  18 dart slugs
  66 orcs
  12 ball pythons
  9 endoplasms
  11 giant cockroaches
  8 goblins
  7 hobgoblins
  8 jackals
  18 kobolds
  3 quokkas
  12 bats
  9 frilled lizards
  A jackal skeleton (Crypt:2)
  A quokka skeleton (Crypt:2)
  7 rats
  An aspiring flesh (Zot:5)
2457 creatures vanquished.

Vanquished Creatures (collateral kills)
  Aizul (Spider:1)
  A blizzard demon (WizLab)
  A spark wasp (WizLab)
  A yaktaur captain (Vaults:3)
  A vault guard (Vaults:5)
  A spriggan air mage (WizLab)
  2 shock serpents (WizLab)
  4 deep trolls
  An ironbound convoker (Vaults:4)
  A lindwurm (shapeshifter) (Vaults:5)
  A phantasmal warrior (Vaults:5)
  4 yaktaurs
  A wind drake (WizLab)
  2 jumping spiders (Spider:1)
  5 air elementals (WizLab)
27 creatures vanquished.

Vanquished Creatures (others)
  A draconian knight (Zot:4)
  A rakshasa (Depths:2)
  2 spriggan air magi
  A centaur warrior (D:14)
  4 spriggans (Depths:2)
  An ironbound convoker (Vaults:1)
  2 apocalypse crabs
  2 hornets (Depths:2)
  2 slime creatures (D:14)
  2 centaurs
18 creatures vanquished.

Grand Total: 2502 creatures vanquished

Notes
Turn   | Place    | Note
-------+----------+-------------------------------------------
     0 | D:1      | RepoMan the Felid Shapeshifter began the quest for the Orb.
     0 | D:1      | Reached XP level 1. HP: 10/10 MP: 2/2
    26 | D:1      | Found a faded altar of an unknown god.
   138 | D:1      | Reached XP level 2. HP: 14/14 MP: 3/3
   444 | D:1      | Reached XP level 3. HP: 17/18 MP: 4/4
   676 | D:1      | Found Woamapte's Jewellery Shoppe.
  1122 | D:2      | Reached skill level 1 in Stealth
  1122 | D:2      | Reached skill level 4 in Unarmed Combat
  1205 | D:2      | Reached XP level 4. HP: 23/23 MP: 5/5
  1205 | D:2      | Gained a life (2 lives remaining)
  1511 | D:2      | Noticed Terence
  1929 | D:3      | Found a glowing drain.
  1943 | Sewer    | Entered a sewer
  2050 | Sewer    | Reached XP level 5. HP: 26/27 MP: 6/6
  2441 | Sewer    | Got the Secrets of the Scintillating Caves
  2446 | Sewer    | Reached skill level 5 in Unarmed Combat
  2446 | Sewer    | Gained mutation: You are covered in thick fur. (AC +2)
                  | [Felid growth]
  2446 | Sewer    | Reached XP level 6. HP: 29/32 MP: 7/7
  2498 | D:3      | Found a shimmering blue altar of Sif Muna.
  3255 | D:4      | Learned a level 3 spell: Confusing Touch
  3343 | D:4      | Reached skill level 1 in Hexes
  3538 | D:5      | Entered Level 5 of the Dungeon
  3887 | D:5      | Reached skill level 1 in Spellcasting
  3887 | D:5      | Reached XP level 7. HP: 36/36 MP: 7/9
  4173 | D:5      | Reached skill level 5 in Hexes
  4491 | D:6      | Found a hazy altar of Hepliaklqana.
  4491 | D:6      | Found a radiant altar of Vehumet.
  4496 | D:6      | Noticed Maggie
  4512 | D:6      | Noticed a steam dragon
  4515 | D:6      | Killed a steam dragon
  4516 | D:6      | Reached skill level 6 in Unarmed Combat
  4668 | D:6      | Reached XP level 8. HP: 40/41 MP: 10/10
  4874 | D:6      | Reached skill level 5 in Dodging
  4960 | D:6      | Reached skill level 7 in Unarmed Combat
  5482 | D:6      | Maggie changed into Maggie the harpy
  5482 | D:6      | Noticed Maggie
  5486 | D:6      | Killed Maggie the harpy
  5487 | D:6      | Reached skill level 5 in Fighting
  5487 | D:6      | Reached skill level 8 in Unarmed Combat
  5487 | D:6      | Reached XP level 9. HP: 47/47 MP: 11/11
  5611 | D:7      | Found a staircase to the Ecumenical Temple.
  5620 | Temple   | Entered the Ecumenical Temple
  5623 | Temple   | Became a worshipper of the Wu Jian Council
  5785 | D:7      | Noticed Menkaure
  5792 | D:7      | Killed Menkaure
  6010 | D:7      | Reached skill level 9 in Unarmed Combat
  6333 | D:2      | Killed Terence
  7003 | D:8      | Reached * piety under Wu Jian
  7016 | D:7      | Reached XP level 10. HP: 53/53 MP: 12/12
  7103 | D:8      | Reached skill level 10 in Unarmed Combat
  7402 | D:9      | Found a blossoming altar of Fedhas.
  7795 | D:10     | Entered Level 10 of the Dungeon
  7828 | D:10     | Found a sacrificial altar of Ru.
  7966 | D:10     | Noticed a deep elf pyromancer
  7980 | D:10     | Killed a deep elf pyromancer
  8065 | D:10     | Reached skill level 11 in Unarmed Combat
  8298 | D:10     | Found a staircase to the Lair.
  8300 | D:10     | Noticed an oklob plant
  8403 | D:10     | Reached ** piety under Wu Jian
  8404 | D:10     | Reached XP level 11. HP: 45/58 MP: 3/13
  8427 | D:10     | Identified the scarf of Efuistra {harm, Str+4}
  8944 | D:10     | Killed an oklob plant
  8945 | D:10     | Reached skill level 5 in Shapeshifting
  8962 | Lair:1   | Entered Level 1 of the Lair of Beasts
  8962 | Lair:1   | Noticed GeoRichter's ghost (journeyman DrSh)
  8962 | Lair:1   | Found a runed translucent gate.
  8962 | Lair:1   | Found a runed translucent gate.
  8962 | Lair:1   | Found a runed translucent gate.
  8982 | Lair:1   | Found a snail-covered altar of Cheibriados.
  9188 | Lair:1   | Noticed Sonja
  9192 | Lair:1   | Killed Sonja
  9381 | Lair:1   | Slain by a komodo dragon
  9381 | Lair:1   | Lost a life (1 life remaining)
 10126 | Lair:2   | Reached skill level 10 in Dodging
 11058 | Lair:3   | Noticed a catoblepas
 11081 | Lair:3   | Found a hole to the Spider Nest.
 11124 | Lair:3   | Noticed Nergalle
 11131 | Lair:3   | Killed from afar by Nergalle
 11131 | Lair:3   | Lost a life (0 lives remaining)
 11158 | Lair:3   | Found a staircase to the Shoals.
 11219 | Lair:3   | Killed Nergalle
 11412 | Lair:3   | Gained mutation: Your thick and shaggy fur keeps you warm.
                  | (AC +3, rC+) [Felid growth]
 11412 | Lair:3   | Reached XP level 12. HP: 54/64 MP: 14/14
 11412 | Lair:3   | Gained a life (1 life remaining)
 11547 | Lair:3   | Reached skill level 12 in Unarmed Combat
 11783 | Lair:3   | Reached *** piety under Wu Jian
 11944 | Lair:3   | Killed a catoblepas
 11970 | Lair:4   | Noticed a death yak
 11970 | Lair:4   | Noticed a death yak
 12010 | Lair:4   | Noticed a seven-headed hydra
 12017 | Lair:4   | Noticed a death yak
 12017 | Lair:4   | Noticed a death yak
 12099 | Lair:4   | Noticed a six-headed hydra
 12266 | D:11     | Noticed Psyche
 12274 | D:11     | Killed Psyche
 12415 | D:11     | Noticed Maurice
 12462 | D:11     | Noticed a two-headed ogre
 12470 | D:11     | Killed a two-headed ogre
 12588 | D:11     | Noticed a boulder beetle
 12610 | D:11     | Killed a boulder beetle
 12769 | D:11     | Noticed a vault guard
 12780 | D:11     | Killed a vault guard
 12810 | D:11     | Found a portal to a secret trove of treasure.
 12874 | D:11     | Killed Maurice
 12964 | D:11     | Noticed a two-headed ogre
 12985 | D:11     | Killed a two-headed ogre
 13249 | D:12     | You fall into a shaft and drop 3 floors!
 13249 | D:15     | Entered Level 15 of the Dungeon
 13371 | D:14     | Noticed a centaur warrior
 13373 | D:14     | Killed a centaur warrior
 13379 | D:14     | Noticed a centaur warrior
 13385 | D:14     | Killed a centaur warrior
 13474 | D:13     | Noticed a centaur warrior
 13491 | D:13     | Noticed a two-headed ogre
 13534 | D:13     | Noticed a centaur warrior
 13550 | D:13     | Killed a centaur warrior
 13570 | D:13     | Noticed a centaur warrior
 13584 | D:13     | Reached XP level 13. HP: 67/70 MP: 15/15
 13584 | D:13     | Gained a life (2 lives remaining)
 13636 | D:13     | Found a frozen archway.
 13641 | D:13     | Reached skill level 13 in Unarmed Combat
 13648 | IceCv    | Entered an ice cave
 13654 | IceCv    | Reached skill level 10 in Shapeshifting
 13700 | IceCv    | Found a transporter.
 13716 | IceCv    | Found a transporter.
 13770 | IceCv    | Got Imatecof's Spellbook of Heat
 13779 | IceCv    | Learned a level 3 spell: Ozocubu's Armour
 14086 | D:13     | Reached skill level 1 in Ice Magic
 14199 | D:12     | Found a staircase to the Orcish Mines.
 15349 | Orc:1    | Entered Level 1 of the Orcish Mines
 15526 | Orc:2    | Entered Level 2 of the Orcish Mines
 15661 | Orc:1    | Reached **** piety under Wu Jian
 15832 | Orc:2    | Reached skill level 5 in Ice Magic
 15981 | Orc:2    | Reached skill level 10 in Fighting
 16516 | Orc:2    | Reached XP level 14. HP: 53/77 MP: 14/18
 16555 | Orc:2    | Noticed an orc warlord
 16642 | Orc:2    | Killed an orc warlord
 16731 | Orc:2    | Found Uraumuz's Antique Weapon Boutique.
 16758 | Orc:2    | Found Geecogyk's General Store.
 16773 | Orc:2    | Found Bumiuguu's Antique Armour Boutique.
 16789 | Orc:2    | Found Isagolargh's Jewellery Boutique.
 16966 | Orc:2    | Found a staircase to the Elven Halls.
 16974 | Orc:2    | Reached skill level 14 in Unarmed Combat
 17059 | Orc:2    | Noticed an orc warlord
 17078 | Orc:2    | Killed an orc warlord
 17330 | Orc:2    | Identified the +2 leather armour "Xoneh" {rPois}
 17333 | Orc:2    | Identified the amulet "Keanoa" {Acrobat ^Drain rPois Dex+3
                  | Slay+2 Stlth+}
 17339 | Orc:2    | Noticed an orc warlord
 17373 | Orc:2    | Killed an orc warlord
 17525 | Orc:2    | Reached skill level 15 in Dodging
 17921 | D:14     | Identified the +1 hand axe of Unuhasiq {heavy, +Blink
                  | Will+}
 17993 | D:14     | Reached skill level 15 in Unarmed Combat
 18044 | D:14     | Found a gate to the Vaults.
 18114 | D:14     | Reached ***** piety under Wu Jian
 18355 | D:14     | Found a runed translucent door.
 18356 | D:14     | Noticed a frost giant
 18880 | D:15     | Found an opulent altar of Gozag.
 18930 | D:15     | Reached XP level 15. HP: 83/83 MP: 19/19
 19100 | D:15     | Got the Commentary on Morbid Relocation
 19103 | D:15     | Learned a level 1 spell: Apportation
 19196 | D:15     | Found Jesell's Book Boutique.
 19208 | D:15     | Bought a book of the Moon for 560 gold pieces
 19329 | D:15     | Found a staircase to the Depths.
 19694 | Lair:4   | Reached skill level 1 in Translocations
 20318 | Lair:4   | Reached skill level 16 in Unarmed Combat
 20452 | Lair:4   | Identified the ring "Ihousiq" {rElec Will+ Dex+2}
 20852 | Lair:5   | Entered Level 5 of the Lair of Beasts
 21112 | Lair:5   | Identified the +1 scale mail of Ledept {Dex+3}
 21248 | Lair:5   | Reached skill level 5 in Translocations
 21622 | Lair:5   | Reached ****** piety under Wu Jian
 21623 | Lair:5   | Reached XP level 16. HP: 71/89 MP: 20/20
 21629 | Lair:5   | Found a viscous altar of Jiyva.
 21630 | Lair:5   | Found a staircase to the Slime Pits.
 22002 | Lair:5   | Identified the +7 halberd of Valiance {antimagic, rC+}
 22282 | Shoals:1 | Entered Level 1 of the Shoals
 22288 | Shoals:1 | Reached skill level 17 in Unarmed Combat
 23240 | Shoals:2 | Learned a level 3 spell: Tukima's Dance
 23253 | Shoals:2 | Reached skill level 5 in Stealth
 24959 | Shoals:4 | Entered Level 4 of the Shoals
 25293 | Shoals:4 | Got the Folio of Spelunking
 25309 | Shoals:4 | Learned a level 2 spell: Blink
 25482 | Shoals:4 | Noticed Ilsuiw
 25510 | Shoals:4 | Killed Ilsuiw
 25530 | Shoals:4 | Reached XP level 17. HP: 78/95 MP: 21/21
 25565 | Shoals:4 | Reached skill level 18 in Unarmed Combat
 25641 | Shoals:4 | Noticed a kraken
 25647 | Shoals:4 | Found Weryaq's Whimsical Warehouse.
 25655 | Shoals:4 | Bought a book of the Warp for 756 gold pieces
 25655 | Shoals:4 | Bought a book of Winter for 612 gold pieces
 25687 | Shoals:3 | Learned a level 4 spell: Manifold Assault
 25692 | Shoals:3 | Learned a level 4 spell: Passage of Golubria
 25763 | Shoals:4 | Identified the +5 broad axe of Lidips {holy, ^Fragile rF+
                  | SInv}
 25794 | Shoals:4 | Found the necklace of Bloodlust {Fury *Rage Will++ Int-3
                  | Slay+6}
 25852 | Shoals:4 | Killed a kraken
 25859 | Shoals:4 | Got a barnacled rune of Zot
 26334 | Spider:1 | Entered Level 1 of the Spider Nest
 26460 | Spider:1 | Reached skill level 10 in Stealth
 26774 | Spider:1 | Identified the serpent talisman of Skepticism {Fly rElec
                  | rN+ Int-5}
 26774 | Spider:1 | Noticed Aizul
 27056 | Spider:1 | Killed Aizul
 27578 | Spider:2 | Identified the +4 dagger "Ginlun" {heavy, rPois Stlth+}
 27757 | Spider:2 | Noticed Qyadack's ghost (adept HOFi)
 27759 | Spider:2 | Noticed Arachne
 27764 | Spider:2 | Found a transporter.
 28082 | Spider:2 | Found a transporter.
 28848 | Spider:3 | Learned a level 3 spell: Mephitic Cloud
 29011 | Spider:3 | Reached skill level 1 in Alchemy
 29105 | Spider:3 | Reached skill level 1 in Air Magic
 29135 | Spider:3 | Reached XP level 18. HP: 101/101 MP: 21/23
 29590 | Spider:4 | Entered Level 4 of the Spider Nest
 29594 | Spider:4 | Reached skill level 1 in Conjurations
 30318 | Spider:4 | Reached skill level 5 in Alchemy
 30611 | Spider:4 | Got a gossamer rune of Zot
 31051 | Elf:1    | Entered Level 1 of the Elven Halls
 31057 | Elf:1    | Learned a level 4 spell: Ignite Poison
 31083 | Elf:1    | Reached skill level 1 in Fire Magic
 31326 | Elf:1    | Noticed Donald
 31343 | Elf:1    | Killed Donald
 31434 | Elf:1    | Got the Directory of Kinetic Energy
 31669 | Elf:1    | Noticed a Brimstone Fiend
 31731 | Elf:1    | Noticed Asterion
 31746 | Elf:1    | Noticed Jorgrun
 31746 | Elf:1    | Killed Jorgrun
 31810 | Elf:1    | Noticed Roxanne
 31812 | Elf:1    | Killed Asterion
 31820 | Elf:1    | Killed Roxanne
 31892 | Elf:1    | Reached XP level 19. HP: 86/105 MP: 24/26
 32137 | Elf:2    | Reached skill level 10 in Alchemy
 32140 | Elf:2    | Found Oneck's Assorted Antiques.
 32159 | Elf:2    | Bought a scroll labelled TIEBBI FAEMA for 38 gold pieces
 32159 | Elf:2    | Bought 2 potions of might for 304 gold pieces
 32166 | Elf:2    | Identified a scroll of acquirement
 32183 | Elf:2    | Paralysed by an air elemental for 1 turns
 32208 | Elf:2    | Found a crumbling gateway.
 32233 | Desolati | Entered the Desolation of Salt
 32360 | Desolati | Identified the +2 scale mail "Inicw" {Rampage Int+3}
 32443 | Desolati | Got the Grimoire of Sidekicks and Location
 32444 | Desolati | Identified the +9 dire flail of Havoc {speed, Str-4 Dex+3
                  | Stlth+}
 32761 | Desolati | Identified the ring "Suzem" {rElec Will+ Str+2 Dex+2
                  | Slay+2}
 32768 | Desolati | Got the Excursus on the Volcano and Cryomancy
 32770 | Desolati | Identified the +1 pair of gloves of Jaygury {rElec rF-
                  | Dex+2}
 32861 | Desolati | Reached skill level 15 in Shapeshifting
 32875 | Desolati | Identified the amulet of Apinaech {Spirit ^Contam Will+
                  | Regen+ Int+2}
 33082 | Elf:2    | Found Ugucuok's General Store.
 33090 | Elf:2    | Bought a wand of roots (1) for 40 gold pieces
 33090 | Elf:2    | Bought a scroll of teleportation for 51 gold pieces
 33095 | Elf:2    | Found Sekamat's General Store.
 33101 | Elf:2    | Bought a scroll of teleportation for 51 gold pieces
 33101 | Elf:2    | Bought a potion of might for 68 gold pieces
 33133 | Elf:2    | Reached skill level 10 in Ice Magic
 33185 | Elf:2    | Found a runed translucent gate.
 33185 | Elf:2    | Found a runed translucent gate.
 33186 | Elf:2    | Found a runed translucent gate.
 33299 | Elf:2    | Found Amatog's Assorted Antiques.
 33311 | Elf:2    | Bought a scroll of immolation for 128 gold pieces
 33311 | Elf:2    | Bought a potion of cancellation for 256 gold pieces
 33311 | Elf:2    | Bought a wand of quicksilver (3) for 403 gold pieces
 33738 | Elf:3    | Entered Level 3 of the Elven Halls
 33749 | Elf:3    | Found Ybuenouq's Distillery.
 33757 | Elf:3    | Bought a potion of brilliance for 68 gold pieces
 33757 | Elf:3    | Bought a potion of curing for 51 gold pieces
 33757 | Elf:3    | Bought a potion of curing for 51 gold pieces
 33757 | Elf:3    | Bought a potion of haste for 170 gold pieces
 33757 | Elf:3    | Bought a potion of curing for 51 gold pieces
 34023 | Elf:3    | Reached XP level 20. HP: 110/110 MP: 23/27
 34330 | Elf:3    | Identified the +6 quarterstaff of the Aged Tales {venom,
                  | *Rage rPois rN+ rCorr}
 34346 | Elf:3    | Got the Almanac of the Creative Nimbus
 34352 | Elf:3    | Identified the staff of Binonux Zean {^Drain rElec rF+ Summ
                  | Fire}
 34427 | Elf:3    | Identified the +0 pair of boots "Vearawn" {+Blink rElec}
 34458 | Elf:3    | Identified the +6 dagger of Quantum Leap {freeze, rF++
                  | SInv}
 34462 | Elf:3    | Identified the ring "Uqesuw" {rC+ Will+ Str+6}
 34479 | Elf:3    | Identified the +2 war axe of the Globe {pain, *Rage rElec
                  | rCorr Dex+4}
 34481 | Elf:3    | Got the Compendium of the Jolly Xenops
 34485 | Elf:3    | Identified the +1 scale mail "Rikiahel" {Dex+2}
 34488 | Elf:3    | Identified the dragon-blood talisman of Honesty {Int-5
                  | Dex+5 Slay+5}
 34567 | Elf:3    | Found the +8 pair of quick blades "Gyre" and "Gimble"
                  | {protect}
 34806 | Vaults:1 | Entered Level 1 of the Vaults
 35031 | Vaults:1 | Reached skill level 5 in Spellcasting
 36400 | Vaults:2 | Reached XP level 21. HP: 114/114 MP: 31/31
 36605 | Vaults:2 | Learned a level 6 spell: Sculpt Simulacrum
 36623 | Vaults:2 | Identified the +1 leather armour of the Shining Light
                  | {Dex+3}
 36704 | Vaults:2 | Noticed Zenata
 36706 | Vaults:2 | Killed Zenata
 36707 | Vaults:2 | Reached skill level 19 in Unarmed Combat
 37469 | Vaults:3 | You fall into a shaft and drop 1 floor!
 37479 | Vaults:4 | Reached skill level 20 in Unarmed Combat
 37544 | Vaults:4 | Found Teuhuer's Book Shoppe.
 37547 | Vaults:4 | Found a magical portal.
 37552 | WizLab   | Entered The Chambers of the Cloud Mage
 37557 | WizLab   | Paralysed by an air elemental for 1 turns
 37603 | WizLab   | Paralysed by an air elemental for 1 turns
 37800 | WizLab   | Got the Precepts of the Brume
 37809 | WizLab   | Learned a level 2 spell: Lesser Beckoning
 37893 | WizLab   | Paralysed by an air elemental for 1 turns
 37932 | Vaults:4 | Bought a manual of Unarmed Combat for 1200 gold pieces
 37990 | Vaults:4 | Noticed Mennas
 38021 | Vaults:4 | Killed Mennas
 38089 | Vaults:4 | Reached skill level 21 in Unarmed Combat
 38521 | Vaults:4 | Reached skill level 1 in Evocations
 38909 | Vaults:3 | Found a staircase to the Crypt.
 38957 | Crypt:1  | Entered Level 1 of the Crypt
 39054 | Crypt:2  | Reached skill level 15 in Fighting
 39650 | Crypt:3  | Entered Level 3 of the Crypt
 39653 | Crypt:3  | Found the +7 sceptre of Torment {pain, torment}
 39701 | Crypt:3  | Reached skill level 22 in Unarmed Combat
 39701 | Crypt:3  | Reached XP level 22. HP: 122/122 MP: 25/32
 39749 | Crypt:3  | Noticed a dread lich
 39750 | Crypt:3  | Noticed a dread lich
 39779 | Crypt:3  | Killed a dread lich
 39799 | Crypt:3  | Killed a dread lich
 39805 | Crypt:3  | Identified the ring "Niubed" {rF+ rN+ Str+5}
 39805 | Crypt:3  | Identified the ring "Eczop" {rElec rPois rN+ Will- Str+3}
 39805 | Crypt:3  | Identified the ring of the Scavenger {rN+ Stlth+}
 39811 | Crypt:3  | Got an ivory gem with 570 turns to spare
 39817 | Crypt:3  | Got the Octavo of Sandy Accomplices
 39951 | Crypt:1  | Identified the ring of Tosam {Ice rN+ Str+4}
 39951 | Crypt:1  | Noticed Josephina
 39964 | Crypt:1  | Killed Josephina
 40005 | Crypt:1  | Reached skill level 5 in Evocations
 40067 | Crypt:1  | Reached skill level 23 in Unarmed Combat
 40406 | Depths:1 | Entered Level 1 of the Depths
 40537 | Depths:1 | Found a glowing golden altar of the Shining One.
 40677 | Depths:1 | Found a gateway to Hell.
 40868 | Depths:1 | Found a one-way gate to the infinite horrors of the Abyss.
 41053 | Depths:1 | Reached skill level 24 in Unarmed Combat
 41144 | Depths:1 | Found a shimmering altar of Xom.
 41231 | Depths:2 | Found a one-way gate leading to the halls of Pandemonium.
 41658 | Depths:2 | Found a bloodstained altar of Trog.
 41822 | Depths:2 | Noticed a caustic shrike
 41829 | Depths:2 | Killed a caustic shrike
 41860 | Depths:2 | Reached XP level 23. HP: 129/129 MP: 22/33
 41869 | Depths:2 | Identified the +5 war axe of Feevy {heavy, Str+3}
 41917 | Depths:2 | Noticed the Enchantress
 41919 | Depths:2 | Identified the +9 giant club "Paesku" {flame, rElec rC+}
 41919 | Depths:2 | Identified the +1 giant club of Shrieking Terror {speed,
                  | ^Contam rElec rPois Str+5}
 41923 | Depths:2 | Killed the Enchantress
 42036 | Depths:2 | Reached skill level 25 in Unarmed Combat
 42060 | Depths:2 | Identified the +1 pair of gloves "Zeegg" {Int+2}
 42723 | Depths:3 | Found Ninutifaa's Assorted Antiques.
 42757 | Depths:3 | Bought a scroll of blinking for 285 gold pieces
 42757 | Depths:3 | Bought a scroll of teleportation for 114 gold pieces
 42757 | Depths:3 | Bought a potion of mutation for 304 gold pieces
 43016 | Depths:3 | Noticed a caustic shrike
 43021 | Depths:3 | Killed a caustic shrike
 43477 | Depths:4 | Entered Level 4 of the Depths
 43606 | Depths:4 | Found a gate to the Realm of Zot.
 43658 | Depths:4 | Found a one-way gateway to a ziggurat.
 43658 | Depths:4 | Noticed an ancient lich
 43664 | Depths:4 | Killed an ancient lich
 43941 | Depths:4 | Found a corrupted altar of Lugonu.
 44735 | Slime:1  | Entered Level 1 of the Pits of Slime
 44831 | Slime:2  | Gained mutation: Your spells are a little easier to cast,
                  | but a little less powerful. [a shining eye]
 44834 | Slime:2  | Gained mutation: You expend magic power (3 MP) to
                  | strengthen your wands. [a shining eye]
 45026 | Slime:4  | Gained mutation: You are dopey. (Int -2) [a shining eye]
 45028 | Slime:4  | Gained mutation: You sometimes lose your temper in combat.
                  | [a shining eye]
 45036 | Slime:4  | Lost mutation: You sometimes lose your temper in combat.
                  | [potion of mutation]
 45036 | Slime:4  | Lost mutation: Your spells are a little easier to cast, but
                  | a little less powerful. [potion of mutation]
 45036 | Slime:4  | Gained mutation: You are frail. (-10% HP) [potion of
                  | mutation]
 45036 | Slime:4  | Gained mutation: You are strong-willed. (Will+) [potion of
                  | mutation]
 45039 | Slime:5  | Entered Level 5 of the Pits of Slime
 45051 | Slime:5  | Reached XP level 24. HP: 124/124 MP: 30/33
 45140 | Slime:5  | Noticed the Royal Jelly
 45159 | Slime:5  | Killed the Royal Jelly
 45235 | Slime:5  | Identified the +2 falchion "Lelochock" {flame, MP+9 Str+3}
 45310 | Slime:5  | Got a slimy rune of Zot
 45371 | Slime:5  | Identified the +6 chain mail "Nuijer" {rN+ SInv}
 45869 | Vaults:5 | Entered Level 5 of the Vaults
 45899 | Vaults:5 | Identified the +0 trident "Mips" {freeze, rC+ Will+ rCorr
                  | Dex-3}
 45939 | Vaults:5 | Noticed an ancient lich
 45942 | Vaults:5 | Killed an ancient lich
 45958 | Vaults:5 | Got the Encyclopedia of Open Graves and Conjuring
 45982 | Vaults:5 | Got a silver rune of Zot
 45991 | Vaults:5 | Got the Almanac of Might
 46110 | Vaults:5 | Found the amulet of the Air {Inacc Air Fly rElec RMsl}
 46279 | Vaults:5 | Identified the staff of Painful Death {rN+ Str-4 Int+7
                  | Dex+2 SInv Necro}
 46338 | Vaults:5 | Identified the +2 cloak of Muavag {Rampage}
 46410 | Vaults:5 | Identified the +0 helmet of Acvi Nusm {rElec rPois rC+}
 46455 | Vaults:5 | Identified the +3 chain mail of Terrible Leaves {rC+ Int+2
                  | Dex-5 Stlth+}
 47209 | Zot:1    | Entered Level 1 of the Realm of Zot
 47230 | Zot:1    | Reached XP level 25. HP: 133/133 MP: 22/33
 47420 | Zot:1    | Learned a level 4 spell: Olgreb's Toxic Radiance
 47852 | Zot:2    | Noticed an orb of fire
 47856 | Zot:2    | Killed an orb of fire
 48317 | Zot:2    | Got Sif Muna's Atlas of the Unfortunate Fifth Circle
 48759 | Zot:2    | Noticed an ancient lich
 48761 | Zot:2    | Found a transporter.
 48825 | Zot:2    | Found a transporter.
 48826 | Zot:2    | Noticed Toelubet's ghost (veteran CeHu)
 49878 | Zot:4    | Reached skill level 10 in Translocations
 50125 | Zot:4    | Reached XP level 26. HP: 139/139 MP: 30/33
 50204 | Zot:4    | Identified the ring of Vemmiach {rF+ Int+6}
 50206 | Zot:4    | Identified the +6 falchion "Qeicsaka" {heavy, rC- Int+4}
 51052 | Zot:5    | Entered Level 5 of the Realm of Zot
 51053 | Zot:5    | Acquired the ring of Cedugige {rF+ Str+2 Int+6}
 51498 | Zot:5    | Noticed a dread lich
 51504 | Zot:5    | Killed a dread lich
 51507 | Zot:5    | Noticed an orb of fire
 51508 | Zot:5    | Noticed an orb of fire
 51509 | Zot:5    | Killed an orb of fire
 51509 | Zot:5    | Killed an orb of fire
 51566 | Zot:5    | Noticed an orb of fire
 51569 | Zot:5    | Killed an orb of fire
 51572 | Zot:5    | Noticed an orb of fire
 51573 | Zot:5    | Killed an orb of fire
 51575 | Zot:5    | Noticed an orb of fire
 51583 | Zot:5    | Killed an orb of fire
 51617 | Zot:5    | Noticed an ancient lich
 51627 | Zot:5    | Killed an ancient lich
 51666 | Zot:5    | Lost mutation: You are strong-willed. (Will+) [potion of
                  | mutation]
 51666 | Zot:5    | Lost mutation: You expend magic power (3 MP) to strengthen
                  | your wands. [potion of mutation]
 51666 | Zot:5    | Lost mutation: You are dopey. (Int -2) [potion of mutation]
 51666 | Zot:5    | Gained mutation: You are dopey. (Int -2) [potion of
                  | mutation]
 51666 | Zot:5    | Gained mutation: Your body sometimes deteriorates upon
                  | taking damage. [potion of mutation]
 51667 | Zot:5    | Lost mutation: Your body sometimes deteriorates upon taking
                  | damage. [potion of mutation]
 51667 | Zot:5    | Lost mutation: You are frail. (-10% HP) [potion of
                  | mutation]
 51667 | Zot:5    | Lost mutation: You are dopey. (Int -2) [potion of mutation]
 51667 | Zot:5    | Gained mutation: You are partially covered in iridescent
                  | scales. (AC +2) [potion of mutation]
 51667 | Zot:5    | Gained mutation: You are agile. (Dex +4, Str/Int -1)
                  | [potion of mutation]
 51667 | Zot:5    | Gained mutation: You expend magic power (3 MP) to
                  | strengthen your wands. [potion of mutation]
 51685 | Zot:5    | Got the Orb of Zot
 52120 | Depths:1 | Noticed a seraph
 52125 | Depths:1 | Killed a seraph
 52165 | Depths:1 | Noticed Zetecaji the pandemonium lord
 52475 | D:$      | Escaped with the Orb!

Illustrated notes

Levels and vault maps discovered:
D:1:      lemuel_arrival_tunnels, layout_basic, serial_shops,
          nicolae_shop_peninsula, hellmonk_ecumenical_altar_dog_temple
D:2:      layout_basic, uniq_terence
D:3:      layout_basic, mainiacjoe_overflow_small_starburst,
          cheibrodos_sewer_entry_sluice
D:4:      layout_cave_pools, columned_hall_lemuel, grunt_ministairs_9,
          corner_web_ring
D:5:      layout_loops_corners
D:6:      kennysheep_slugbush, layout_loops_ring,
          mainiacjoe_overflow_large_starburst, uniq_maggie
D:7:      layout_gridville, minmay_temple_entry_antechambers, uniq_menkaure
D:8:      layout_cave_pools
D:9:      layout_stronghold, amcnicky_altar_gilded
D:10:     layout_basic, nicolae_ru_awakened_eye, dpeg_oklobed_lair,
          serial_corexii_hall, chequers_hall_statues_y,
          chequers_hall_statues_wall_a
D:11:     layout_basic, enter_trove_5, chequers_mini_garden, uniq_maurice,
          uniq_psyche
D:12:     layout_irregular_city, david_orc_3, minivault_16, centaur_isle
D:13:     layout_basic, portal_ice_cave_rime
D:14:     layout_loops_ring, grunt_vaults_entry_tiered, minmay_hidden_floor
D:15:     grunt_enter_depths_magical_seal, layout_irregular_city,
          serial_library_hellmonk_open_square, serial_shops,
          nicolae_shop_hallway_plus, corexii_leaking_fountain,
          nicolae_gozag_seed_capital
Temple:   sentei_temple_godly_chess
Lair:1:   layout_cave_pods, basic_altar, ebering_ghost_rock_garden,
          lemuel_fruit_fields, uniq_sonja
Lair:2:   layout_cave_pods, serial_bayou_pond_e, minivault_24, lemuel_fruit_tree
Lair:3:   layout_misc_corridors, minmay_shoals_entry_centaurs,
          hellmonk_spider_entry_not_the_bees, serial_bayou_shore_b,
          uniq_nergalle
Lair:4:   onia_ninara_swampy_vault, layout_loops_ring, roderic_batcave,
          nicolae_quartered_pool_super, ice2_lemuel
Lair:5:   hangedman_lair_tendril_chambers, layout_concentric_octagons,
          guppyfry_lair_end_dragon, minmay_slime_entry_eyes,
          infiniplex_staircase_pool
Shoals:1: layout_shoals
Shoals:2: nicolae_shoals_island_circles, layout_shoals
Shoals:3: layout_shoals, nicolae_shoals_land_atoll
Shoals:4: shoals_end_hangedman, layout_shoals, shoal_ilsuiw,
          nicolae_alphabet_shops
Spider:1: layout_cave_pods, uniq_aizul
Spider:2: layout_chambers, nzn_ghost_randoct
Spider:3: layout_spider_delve, special_room [special_room_bee]
Spider:4: grunt_spider_rune_circles
Slime:1:  layout_caves
Slime:2:  layout_caves, nicolae_slime_rock_hall_of_fame
Slime:3:  layout_caves
Slime:4:  nicolae_slime_pool, layout_caves, nicolae_slime_welcoming_committee
Slime:5:  slime_pit_nicolae_trefoil
Orc:1:    layout_caves, basic_altar
Orc:2:    grunt_orc_cross, layout_caves, minmay_orc_treasury
Elf:1:    eino_elf_arrival_the_gate, layout_onion_city, minmay_elf_annihilation,
          uniq_roxanne, uniq_jorgrun, uniq_asterion, uniq_donald
Elf:2:    elven_hall_of_blades_hangedman_original [nicolae_blade_lattice],
          layout_geoelf_grid, portal_desolation_entry_ruin, serial_shops, shop,
          shop, shop, nicolae_shop_rolling_square
Elf:3:    elf_hall_gauntlet_wide, layout_gridlike, serial_shops, shop,
          hex_medium, hellmonk_guarded_unrand_gyre_and_gimble
Vaults:1: grunt_vaults_hallway_long, nicolae_vaults_theta, vaults_room_fours,
          v_rooms_3, nicolae_vaults_big_angled_halls, nicolae_vaults_house_3,
          vaults_room_semicircle, nicolae_vaults_oval_intersection,
          ontoclasm_vaults_ligature, nicolae_vaults_trapezoid_lopsided_2,
          v_rooms_6, serial_ice_h, nicolae_vaults_hexular_roomagon,
          vaults_room_guarded_vault, layout_vaults_omnibox
Vaults:2: v_misc_14, nicolae_vaults_weapon_check, nicolae_vaults_circle_grid_a,
          nicolae_vaults_heart-shaped_vault, nicolae_vaults_trapezoid_layered,
          nicolae_vaults_storage_closets_1, vaults_room_door_hall,
          nicolae_vaults_tetromino_Z_2, nicolae_vaults_tetromino_L_2,
          nicolae_vaults_storage_room_glass, layout_vaults_quadrants,
          uniq_zenata
Vaults:3: nicolae_vaults_double_plus_1, hangedman_vaults_hat,
          ontoclasm_vaults_shuriken, nicolae_vaults_heart-shaped_vault,
          v_misc_23, nicolae_vaults_two_Ls, nicolae_vaults_yaktaur_gun_rack,
          vaults_mumra_minichess, minmay_crypt_entry_simple_plaza,
          nicolae_vaults_closet_pinwheel_5, hangedman_vaults_trim,
          nicolae_vaults_variable_pillar_hall, layout_vaults_ring
Vaults:4: mu_enter_wizlab_1, nicolae_vaults_two_Ls,
          nicolae_vaults_closet_pinwheel_3, vaults_standard_mumra_lines,
          vaults_room_large_hall, v_misc_13, nicolae_vaults_tetromino_L_1,
          nicolae_vaults_house_2, v_pattern_3, nicolae_vaults_trapezoid_3,
          nicolae_vaults_house_3, nicolae_vaults_bisected_slash,
          layout_vaults_big_room, serial_shops, nicolae_book_shop_shelving,
          uniq_mennas
Vaults:5: serial_shops
Crypt:1:  layout_basic, basic_altar, grunt_ministairs_6, evilmike_ambush
          [evilmike_ambush_outer_corners, evilmike_ambush_inner_wall_1],
          uniq_josephina
Crypt:2:  layout_misc_corridors, grunt_megastairs_4, lemuel_upstairs_altar
Crypt:3:  david_glass_crypt, layout_misc_corridors, uniq_frederick
Depths:1: layout_forbidden_donut, abyss_entry_crystal, hell_entry,
          nicolae_tso_carved_into_rock, regret_index_xom_buried_treasure,
          onia_ninara_cookie, kennysheep_random_hallway
Depths:2: spriggan_forest, hell_entry, pan_entry
Depths:3: minmay_concentric_multi, layout_gridlike, abyss_entry, hell_entry,
          hangedman_decor_growths, serial_shops, nicolae_stop_n_shop_2
Depths:4: evilmike_zot_entry_hall, layout_honeycomb, enter_ziggurat_c,
          grunt_hell_entry_dis_grunt, abyss_entry_flame_altar,
          hangedman_decor_slide_cut, minmay_hedge_maze, wad_floor_pattern_2
Zot:1:    grunt_twist_and_shout, layout_onion, st_stairs_1
Zot:2:    gammafunk_mikee_crab_dinner, layout_concentric_octagons,
          gammafunk_ghost_mausoleum
Zot:3:    layout_misc_corridors, hangedman_zot_gyre
Zot:4:    bobbens_index_wilting_gardens, layout_concentric_octagons
Zot:5:    layout_basic

Skill      XL: |  1  2  3  4  5  6  7  8  9 10 11 12 13 14 15 16 17 18 19 20 21 22 23 24 25 26 |
---------------+-------------------------------------------------------------------------------+-----
Dodging        | 3 4 6 8 9 11 13 14 16 18 19 20 21 23 | 23.3
Stealth        | 1 2 3 4 8 11 | 11.1
Unarmed Combat | 4 5 6 8 9 11 12 13 15 16 17 18 22 24 25 | 25.5
Fighting       | 2 3 5 6 8 9 10 11 12 13 15 16 18 20 21 22 | 22.7
Hexes          | 2 6 7 8 9 |  9.9
Spellcasting   | 1 2 4 6 |  6.6
Shapeshifting  | 4 7 9 11 12 13 15 16 17 19 21 23 | 23.3
Ice Magic      | 5 6 8 9 11 13 | 13.3
Translocations | 5 10 11 | 11.1
Alchemy        | 1 9 11 13 | 13.3
Air Magic      | 1 3 |  3.3
Conjurations   | 1 |  1.1
Fire Magic     | 1 |  1.1
Evocations     | 3 5 |  5.5

Action                     |  1- 3 |  4- 6 |  7- 9 | 10-12 | 13-15 | 16-18 | 19-21 | 22-24 | 25-27 || total
---------------------------+-------+-------+-------+-------+-------+-------+-------+-------+-------++-------
  Melee: Unarmed           |    96 |   229 |   259 |   564 |  1311 |  1603 |  1271 |  1374 |   560 ||  7267
         Bite              |     9 |    19 |    34 |    99 |   161 |   247 |   152 |   192 |    95 ||  1008
         Punch             |     1 |     5 |    16 |    37 |   148 |   214 |   151 |   250 |   103 ||   925
         Maw               |       |       |       |    13 |    37 |       |       |       |       ||    50
         Tailslap          |       |       |       |       |       |       |       |       |    82 ||    82
   Cast: Confusing Touch   |       |       |    16 |    55 |    24 |       |       |       |       ||    95
         Ozocubu's Armour  |       |       |       |       |     6 |     4 |     5 |    10 |       ||    25
         Apportation       |       |       |       |       |       |     1 |     2 |     3 |       ||     6
         Mephitic Cloud    |       |       |       |       |       |     5 |     2 |     2 |       ||     9
         Blink             |       |       |       |       |       |       |     1 |     1 |     2 ||     4
         Sculpt Simulacrum |       |       |       |       |       |       |    11 |     4 |     2 ||    17
         Lesser Beckoning  |       |       |       |       |       |       |     1 |    12 |     2 ||    15
         Ignite Poison     |       |       |       |       |       |       |     1 |       |       ||     1
         Manifold Assault  |       |       |       |       |       |       |       |    60 |    21 ||    81
         Passage of Golubr |       |       |       |       |       |       |       |     2 |       ||     2
 Invoke: Serpent's Lash    |       |       |       |     5 |    36 |    42 |    16 |    11 |    11 ||   121
         Heavenly Storm    |       |       |       |       |       |     1 |     2 |     2 |     1 ||     6
Ability: Lunge             |       |       |     7 |    63 |   148 |   218 |   162 |   124 |    90 ||   812
         Whirlwind         |       |       |     3 |    68 |   258 |   302 |   347 |   332 |   139 ||  1449
         Wall Jump         |       |       |       |     8 |    22 |    41 |    25 |    17 |     7 ||   120
         Breathe Fire      |       |       |       |       |       |       |       |       |     1 ||     1
  Evoke: Wand              |       |    11 |    21 |    28 |    25 |    10 |     3 |       |     2 ||   100
         Lightning rod     |       |       |       |       |    10 |     5 |       |       |       ||    15
         Sack of spiders   |       |       |       |       |       |     2 |       |       |       ||     2
         Condenser vane    |       |       |       |       |       |       |       |     1 |       ||     1
    Use: Scroll            |     3 |     3 |     6 |    25 |    10 |    14 |     5 |     3 |     9 ||    78
         Potion            |       |     2 |     1 |     7 |     7 |    16 |     1 |     8 |    12 ||    54
   Stab: Sleeping          |       |    10 |     8 |     9 |    12 |    56 |    74 |    33 |    16 ||   218
         Paralysed         |       |       |     9 |     5 |     5 |     5 |       |       |       ||    24
         Confused          |       |       |     7 |    36 |    25 |    10 |       |     2 |     1 ||    81
         Distracted        |       |       |     1 |       |     6 |    11 |    15 |     8 |     8 ||    49
         Invisible         |       |       |       |     2 |       |       |       |       |       ||     2
         Held in net/web   |       |       |       |       |       |     1 |       |       |       ||     1
 Armour: Skin              |    30 |    47 |    51 |   119 |   212 |   242 |   363 |   276 |   126 ||  1466
  Dodge: Dodged            |    59 |   160 |   178 |   424 |   807 |  1225 |  1391 |  1156 |   306 ||  5706
   Form: Flux              |       |       |       |     1 |       |       |       |       |       ||     1
         Maw               |       |       |       |     1 |       |       |       |       |       ||     1
         Blade             |       |       |       |       |     1 |       |       |       |       ||     1
         Statue            |       |       |       |       |       |       |     1 |     1 |       ||     2
         Dragon            |       |       |       |       |       |       |       |     1 |     1 ||     2
